 Dungeon Crawl Stone Soup version 0.32-a0-876-gcfddb08e57 (webtiles) character file.

Game seed: 15444492301854870199

649840 olmar the Skullcrusher (level 27, -14/220 (245) HPs)
             Began as a Mountain Dwarf Fighter on Mar 30, 2024.
             Was an Initiate of Gozag.
             Killed from afar by a putrid mouth (18 damage)
             ... with a foul vapour
             ... on level 4 of Tartarus on Mar 31, 2024.
             The game lasted 02:27:50 (77518 turns).

olmar the Skullcrusher (Mountain Dwarf Fighter)    Turns: 77518, Time: 02:27:51

HP:   -14/220 (245) AC: 56    Str: 31    XL:     27
MP:   0/27          EV: 12    Int:  8    God:    Gozag
Gold: 16931         SH: 26    Dex: 12    Spells: 26/26 levels left

rFire   + + .        Q - +9 eveningstar (flame)
rCold   + + .        e - +2 tower shield {AC+3}
rNeg    + + +        H - +12 gold dragon scales "Xeschimyz" {Fly rPois rF+ rC+ rN+ Int-3}
rPois   +            m - +2 helmet {SInv}
rElec   +            q - +1 cloak of Starlight {*Dazzle EV+4 Stlth--}
rCorr   +            r - +1 pair of gloves of the Akabeko {^Drain rElec Will++}
SInv    +            i - +2 pair of boots {rampage}
Will    ++...        k - amulet "Dylabal" {Spirit -Cast Harm Regen+ Stlth+} Stlth
                     G - ring "Quses" {rN+ MP+9 Dex+3 SInv}
HPRegen 1.36/turn    T - ring "Cufufiqu" {rN+ rCorr Dex+2}
MPRegen 0.20/turn

%: no spellcasting, harm (+30% outgoing, +20% incoming), guardian spirit,
rampage
@: lethally poisoned (-14 -> -55), resistant, gold aura, flying, mesmerised,
hasted and slowed, wreathed by umbra, studying 3 skills, heavily drained,
invisible, weak-willed
A: runic magic, artefact enchanting, hooves 1, clumsy 1, frail 1, low MP 2,
evolution 1, inability to drink after injury 1, persistent drain
}: 4/15 runes: decaying, serpentine, slimy, silver
a: Renounce Religion, Potion Petition, Call Merchant, Bribe Branch


You were on level 4 of Tartarus.
You worshipped Gozag.
Gozag was extremely pleased with you.
You visited 14 branches of the dungeon, and saw 61 of its levels.
You also visited: Trove, Bailey, Gauntlet, Volcano and Wizlab.

You collected 32642 gold pieces.
You spent 6665 gold pieces at shops.
You paid 9046 gold pieces to Gozag.

Inventory:

Hand Weapons
 Q - a +9 eveningstar of flaming (weapon)
Missiles
 h - 17 curare-tipped darts
 l - 5 throwing nets (quivered)
Armour
 e - a +2 tower shield of protection (worn)
 i - a +2 pair of boots of rampaging (worn)
 m - a +2 helmet of see invisible (worn)
 q - the +1 cloak of Starlight (worn) {*Dazzle EV+4 Stlth--}
   (You found it in a wizard's laboratory)

   *Dazzle:   It may blind those who miss an attack against the wearer in melee
   combat.
   EV+4:      It affects your evasion (+4).
   Stlth--:   It makes you much less stealthy.
 r - the +1 pair of gloves of the Akabeko (worn) {^Drain rElec Will++}
   (You acquired it on level 11 of the Dungeon)

   rElec:     It insulates you from electricity.
   Will++:    It greatly increases your willpower.
   ^Drain:    It drains your maximum health when unequipped.
 H - the +12 gold dragon scales "Xeschimyz" (worn) {Fly rPois rF+ rC+ rN+ Int-3}
   (You found it on level 3 of the Elven Halls)

   Int-3:     It affects your intelligence (-3).
   rF+:       It protects you from fire.
   rC+:       It protects you from cold.
   rPois:     It protects you from poison.
   rN+:       It protects you from negative energy.
   Fly:       It grants you flight.
 O - the +1 pair of boots of Midnight {+Blink rElec}
   (You found it on level 5 of the Pits of Slime)

   rElec:     It insulates you from electricity.
   +Blink:    It lets you blink.
 Y - a scarf of resistance
Jewellery
 a - the ring of Xom's Best Wishes {rC+ Str+6 Dex+5}
   (You found it in a treasure trove)

   [ring of strength]

   Str+6:     It affects your strength (+6).
   Dex+5:     It affects your dexterity (+5).
   rC+:       It protects you from cold.
 k - the amulet "Dylabal" (around neck) {Spirit -Cast Harm Regen+ Stlth+}
   (You bought it in a shop on level 15 of the Dungeon)

   [amulet of guardian spirit]

   Spirit:    It causes incoming damage to be divided between your reserves of
   health and magic.
   -Cast:     It prevents spellcasting.
   Regen+:    It increases your rate of health regeneration.
   Harm:      It increases damage dealt and taken.
   Stlth+:    It makes you more stealthy.
 G - the ring "Quses" (left hand) {rN+ MP+9 Dex+3 SInv}
   (You found it in a Gauntlet)

   [ring of magical power]

   Dex+3:     It affects your dexterity (+3).
   rN+:       It protects you from negative energy.
   MP+9:      It affects your magic capacity (+9).
   SInv:      It lets you see invisible.
 N - the ring of Altruism {rF+ Will+ MP+9 Str+2 Dex+3}
   (You bought it in a shop on level 3 of the Snake Pit)

   [ring of willpower]

   Str+2:     It affects your strength (+2).
   Dex+3:     It affects your dexterity (+3).
   rF+:       It protects you from fire.
   Will+:     It increases your willpower.
   MP+9:      It affects your magic capacity (+9).
 T - the ring "Cufufiqu" (right hand) {rN+ rCorr Dex+2}
   (You found it in a Gauntlet)

   [ring of resist corrosion]

   Dex+2:     It affects your dexterity (+2).
   rN+:       It protects you from negative energy.
   rCorr:     It protects you from acid and corrosion.
Wands
 b - a wand of mindburst (27)
 v - a wand of roots (43)
 y - a wand of polymorph (21)
 E - a wand of paralysis (50)
 F - a wand of digging (22)
 I - a wand of flame (35)
 L - a wand of light (34)
Scrolls
 d - 9 scrolls of vulnerability
 j - 7 scrolls of blinking
 s - 2 scrolls of fear
 w - 13 scrolls of poison
 z - 2 scrolls of butterflies
 C - 6 scrolls of revelation
 J - 15 scrolls of teleportation
 M - 11 scrolls of identify
 W - 2 scrolls of silence
 X - 5 scrolls of fog
Potions
 c - 2 potions of berserk rage
 f - 24 potions of curing
 g - 14 potions of enlightenment
 p - 8 potions of resistance
 t - 2 potions of brilliance
 u - 11 potions of cancellation
 x - 5 potions of haste
 A - 15 potions of mutation
 B - 4 potions of might
 K - 9 potions of lignification
 U - 6 potions of heal wounds
 V - 3 potions of ambrosia
 Z - 5 potions of invisibility
Miscellaneous
 n - a phial of floods
 o - the horn of Geryon (inert)
 D - a phantom mirror (inert)
 P - a tin of tremorstones (1/2)
 S - a lightning rod (2/4)


   Skills:
 O Level 27 Fighting
 O Level 27 Maces & Flails
 O Level 27 Armour
 + Level 0.7 Dodging
 O Level 27 Shields
 + Level 18.6 Evocations


You had 26 spell levels left.
You didn't know any spells.
Your spell library contained the following spells:

 Spells                   Type           Power      Damage    Failure   Level
 Apportation              Tloc           0%         N/A       54%         1
 Foxfire                  Conj/Fire      0%         2x1d4     54%         1
 Freeze                   Ice            0%         1d3       54%         1
 Kiss of Death            Conj/Necr      0%         2d5       54%         1
 Magic Dart               Conj           0%         1d3       54%         1
 Necrotise                Necr           0%         1d4       54%         1
 Sandblast                Erth           0%         2d4       54%         1
 Shock                    Conj/Air       0%         1d3       54%         1
 Slow                     Hex            0%         N/A       54%         1
 Sting                    Conj/Alch      0%         1d3       54%         1
 Summon Small Mammal      Summ           0%         N/A       54%         1
 Blink                    Tloc           0%         N/A       67%         2
 Cigotuvi's Dreadful Rot  Necr/Alch/Air  0%         N/A       67%         2
 Ensorcelled Hibernation  Hex/Ice        0%         N/A       67%         2
 Jinxbite                 Hex            0%         N/A       67%         2
 Lesser Beckoning         Tloc           0%         N/A       67%         2
 Mercury Vapours          Alch/Air       0%         N/A       67%         2
 Momentum Strike          Conj/Tloc      0%         3d8       67%         2
 Scorch                   Fire           0%         2d5       67%         2
 Searing Ray              Conj           0%         2d4       67%         2
 Static Discharge         Conj/Air       0%         3-3/arc   67%         2
 Call Canine Familiar     Summ           0%         N/A       88%         3
 Confusing Touch          Hex            0%         N/A       88%         3
 Dazzling Flash           Conj/Hex       0%         N/A       88%         3
 Frozen Ramparts          Ice            0%         1d1       88%         3
 Fugue of the Fallen      Necr           0%         N/A       88%         3
 Hailstorm                Conj/Ice       0%         3d5       88%         3
 Inner Flame              Hex/Fire       0%         N/A       88%         3
 Mephitic Cloud           Conj/Alch/Air  0%         N/A       88%         3
 Passwall                 Erth           0%         N/A       88%         3
 Sigil of Binding         Hex            0%         N/A       88%         3
 Stone Arrow              Conj/Erth      0%         3d7       88%         3
 Summon Ice Beast         Ice/Summ       0%         N/A       88%         3
 Swiftness                Air            0%         N/A       88%         3
 Teleport Other           Tloc           0%         N/A       88%         3
 Tukima's Dance           Hex            0%         N/A       88%         3
 Vampiric Draining        Necr           0%         2d6       88%         3
 Volatile Blastmotes      Fire/Tloc      0%         2d10      88%         3
 Airstrike                Air            0%         2d(0-16)  99%         4
 Anguish                  Hex/Necr       0%         N/A       99%         4
 Animate Armour           Summ/Erth      0%         N/A       99%         4
 Brom's Barrelling Bould  Conj/Erth      0%         2d3       99%         4
 Cause Fear               Hex            0%         N/A       99%         4
 Dimensional Bullseye     Hex/Tloc       0%         N/A       99%         4
 Dispel Undead            Necr           0%         3d6       99%         4
 Flame Wave               Conj/Fire      0%         2d4       99%         4
 Fulminant Prism          Conj/Alch      0%         3d5       99%         4
 Ignite Poison            Fire/Alch      0%         N/A       99%         4
 Iskenderun's Mystic Bla Conj/Tloc 0%             2d3        (+2d1     99%         4
 Leda's Liquefaction      Alch/Erth      0%         N/A       99%         4
 Martyr's Knell           Necr/Summ      0%         N/A       99%         4
 Maxwell's Portable Pile  Tloc           0%         2d(5-10)  99%         4
 Olgreb's Toxic Radiance  Alch           0%         N/A       99%         4
 Passage of Golubria      Tloc           0%         N/A       99%         4
 Summon Blazeheart Golem  Fire/Summ      0%         N/A       99%         4
 Summon Lightning Spire   Summ/Air       0%         N/A       99%         4
 Vhi's Electric Charge    Tloc/Air       0%         N/A       99%         4
 Alistair's Intoxication  Alch           0%         N/A       100%        5
 Arcjolt                  Conj/Air       0%         1d10      100%        5
 Curse of Agony           Necr           0%         N/A       100%        5
 Fireball                 Conj/Fire      0%         3d3       100%        5
 Freezing Cloud           Conj/Ice/Air   0%         6-21      100%        5
 Irradiate                Conj/Alch      0%         3d11      100%        5
 Iskenderun's Battlesphe  Conj           0%         2d6       100%        5
 Lee's Rapid Deconstruct  Erth           0%         3d4*      100%        5
 Silence                  Hex/Air        0%         N/A       100%        5
 Summon Forest            Summ/Tloc      0%         N/A       100%        5
 Summon Mana Viper        Hex/Summ       0%         N/A       100%        5
 Bombard                  Conj/Erth      0%         9d1       100%        6
 Conjure Ball Lightning   Conj/Air       0%         3x3d6     100%        6
 Death Channel            Necr           0%         N/A       100%        6
 Dispersal                Tloc           0%         N/A       100%        6
 Gell's Gavotte           Tloc           0%         2d(11-16) 100%        6
 Permafrost Eruption      Ice/Erth       0%         2x4d1     100%        6
 Plasma Beam              Fire/Air       0%         2x1d10    100%        6
 Sculpt Simulacrum        Ice/Alch       0%         N/A       100%        6
 Starburst                Conj/Fire      0%         6d3       100%        6
 Summon Cactus Giant      Summ           0%         N/A       100%        6
 Haunt                    Necr/Summ      0%         N/A       100%        7
 Malign Gateway           Summ/Tloc      0%         N/A       100%        7
 Manifold Assault         Tloc           0%         N/A       100%        7
 Monstrous Menagerie      Summ           0%         N/A       100%        7
 Orb of Destruction       Conj           0%         9d5       100%        7
 Ozocubu's Refrigeration  Ice            0%         4d7       100%        7
 Spellforged Servitor     Conj/Summ      0%         N/A       100%        7
 Summon Hydra             Summ           0%         N/A       100%        7
 Borgnjor's Revivificati  Necr           0%         N/A       100%        8
 Disjunction              Tloc           0%         N/A       100%        8
 Ignition                 Fire           0%         3d3       100%        8
 Lehudib's Crystal Spear  Conj/Erth      0%         10d2      100%        8
 Maxwell's Capacitive Co  Air            0%         ∞         100%        8
 Summon Horrible Things   Summ           0%         N/A       100%        8
 Death's Door             Necr           0%         N/A       100%        9
 Dragon's Call            Summ           0%         N/A       100%        9
 Polar Vortex             Ice            0%         N/A       100%        9
 Shatter                  Erth           0%         3d5*      100%        9


Dungeon Overview and Level Annotations

Branches:
Dungeon (15/15)            Temple (1/1) D:7            Lair (5/5) D:9
  Swamp (4/4) Lair:3        Snake (4/4) Lair:2        Slime (5/5) Lair:4
    Orc (2/2) D:11            Elf (3/3) Orc:2        Vaults (5/5) D:13
  Crypt (3/3) Vaults:2       Tomb (0/3) Crypt:3      Depths (4/4) D:15
   Hell (visited)             Dis (0/7) Hell            Geh (0/7) Hell
    Coc (0/7) Hell            Tar (3/7) Hell            Zot (5/5) Depths:4
 Bailey (visited)         Volcano (visited)          WizLab (visited)
Gauntlet (visited)

Altars:
Ashenzari
Cheibriados
Dithmenos
Elyvilon
Fedhas
Gozag
Hepliaklqana
Kikubaaqudgha
Makhleb
Nemelex Xobeh
Okawaru
Qazlal
Ru
Sif Muna
Trog
Uskayaw
Vehumet
Wu Jian
Xom
Yredelemnul
Zin
The Shining One
Lugonu

Shops:
D:2 [   D:6 ==??   D:12 [   D:13 !   D:15 [=   Orc:1 [   Orc:2 [:?!   Snake:1 [
Snake:2 :=:([(*   Snake:3 [=[   Crypt:3 [

Portals:
Hell: Depths:1 Depths:2 Depths:3 Depths:4
Abyss: Lair:5 Depths:3
Pandemonium: Orc:2 Depths:2
Ziggurat: Depths:1

Annotations:
D:2 1 runed translucent door, Crazy Yiuf
D:4 2 transporters, draino's ghost, amateur OpSh
Lair:5 1 runed translucent door, TwadoKnight's ghost, journeyman MiFi
Snake:1 2 runed translucent doors, Veceraphext's ghost, adept CoAr
Elf:2 3 runed translucent doors
Vaults:2 36 runed translucent doors


Innate Abilities, Weirdness & Mutations

Your spellcasting is much less encumbered by armour.
You can use scrolls of enchantment on lesser artefacts.
You have large cloven feet.
You are clumsy. (Dex -2)
You are frail. (-10% HP)
Your magical capacity is very low. (-20% MP)
You have hidden genetic potential.
You occasionally lose the ability to drink potions when taking damage.
Your health recovers twice as slowly from being drained.


Message History

You feel very sick.
You block the tainted leviathan's attack. x2
The spectral titan is distracted by your dazzling golden aura.
A Tzitzimitl comes into view.
The putrid mouth howls a warning cry!
You block the spectral spriggan defender's attack.
A profane servitor comes into view. It is wielding a +2 demon whip.
You hit the tainted leviathan. You burn the tainted leviathan.
The tainted leviathan is moderately damaged.
You are engulfed in dark miasma.
* * * LOW HITPOINT WARNING * * *
The grasping roots constrict the tainted leviathan!
You feel very sick.
The tainted leviathan hits you but does no damage.
The tainted leviathan hits you.
* * * LOW HITPOINT WARNING * * *
You block the spectral spriggan defender's attack.
The Tzitzimitl is distracted by your dazzling golden aura.
Unknown command.
Unknown command. [a] - 220 gold - resistance [b] - 756 gold - resistance, might, haste and lignification [c] - 200 gold - haste Purchase which effect?
You feel as though your hastened speed will last longer.
You are engulfed in dark miasma.
You are lethally poisoned!
* * * LOW HITPOINT WARNING * * *
The grasping roots constrict the tainted leviathan!
* * * LOW HITPOINT WARNING * * *
You feel extremely sick.
The spectral spriggan defender barely misses you.
The tainted leviathan hits you!
* * * LOW HITPOINT WARNING * * *
You block the tainted leviathan's attack.
The putrid mouth throws miasma at you. The foul vapour engulfs you!
You are more poisoned.
You die...
Your body crumbles into a pile of gold.

#......$.####.#
##..#$.$$.....#
#.........D.1.#
#>.###..##..D....
#. ##..## ##...1.
# ##..## .....
##..## ....
##W.## ... #@Z##
... #°CZ#
###ZA...°..
##....1.° #......
#..##. #... ###.


You could see a profane servitor, a tainted leviathan (mesmerising, rooted), a
Tzitzimitl (unaware), a putrid mouth (catching breath), a spectral golden
dragon, a spectral spriggan defender and a spectral titan.

Vanquished Creatures
  the Royal Jelly (Slime:5)
  Frederick (Vaults:5)
  Mennas (Depths:2)
  A dread lich (Zot:4)
  Mara (Vaults:5)
  An ancient lich (Tar:4)
  Xtahua (Vaults:5)
  Parghit (Depths:3)
  Vashnia (Snake:3)
  Bai Suzhen (Swamp:3)
  2 curse toes
  Margery (Crypt:2)
  Geryon (Hell)
  13 golden dragons
  Nikola (Snake:1)
  6 bone dragons
  2 profane servitors
  the Enchantress (Depths:2)
  3 Tzitzimimeh
  2 doom hounds
  A hellephant (Crypt:2)
  5 tainted leviathans
  Jorgrun (Snake:2)
  16 tentacled monstrosities
  4 liches
  2 deep elf blademasters (Elf:3)
  6 titans (Vaults:5)
  27 acid blobs
  4 sphinxes
  2 deep elf master archers (Elf:3)
  An eldritch tentacle (WizLab)
  4 quicksilver dragons
  2 walking divine tomes
  6 ancient champions
  2 tentacled starspawn (WizLab)
  4 death cobs
  Frances (D:12)
  Kirke (Snake:1)
  A thorn hunter (Swamp:2)
  15 shadow dragons
  3 tengu reavers (Vaults:5)
  Aizul (Snake:2)
  5 revenants
  10 nagarajas
  3 protean progenitors
  17 storm dragons
  7 draconian monks
  2 deep elf sorcerers (Elf:3)
  Donald (Snake:3)
  10 rockslimes
  Roxanne (D:15)
  12 azure jellies
  7 fire giants
  4 balrugs
  3 iron dragons
  2 fenstrider witches
  3 draconian knights
  8 frost giants
  5 ghouls
  10 draconian shifters
  A ghost moth (shapeshifter) (WizLab)
  11 draconian scorchers
  2 spectral caustic shrikes
  5 ghost moths
  A juggernaut zombie (Crypt:2)
  Louise (D:15)
  2 curse skulls
  13 vault wardens
  3 orc warlords
  9 deep elf elementalists
  9 reapers
  16 ironbound preservers
  2 draconian stormcallers (Zot:2)
  6 quicksilver oozes (Slime:5)
  7 spriggan defenders
  6 draconian annihilators
  2 broodmothers (WizLab)
  2 formless jellyfish (Vaults:2)
  23 very ugly things
  11 green draconians
  8 ironbound thunderhulks
  8 vampire knights
  21 stone giants
  A caustic shrike skeleton (Crypt:3)
  10 putrid mouths
  7 deep elf demonologists (Elf:3)
  15 black draconians
  8 eleionomae
  8 deep elf annihilators
  13 deep elf death magi
  A lorocyproca (Hell)
  2 pale draconians (Depths:4)
  8 white draconians
  5 bunyips
  A minotaur (Gauntlet)
  13 red draconians
  8 dire elephants (Vaults:3)
  8 war gargoyles
  Nessos (D:12)
  6 spark wasps (Depths:3)
  Azrael (D:12)
  6 yellow draconians
  7 purple draconians
  A shambling mangrove (Swamp:3)
  Snorg (D:12)
  10 fire dragons
  A green death (Hell)
  6 eidola
  11 ettins
  Josephine (D:14)
  2 blizzard demons
  2 spectral spriggans
  24 jiangshi
  27 vault guards
  A crystal guardian (Vaults:4)
  4 entropy weavers
  Harold (Lair:1)
  11 yaktaur captains
  A fenstrider witch zombie (Hell)
  4 rakshasas
  4 deep elf high priests
  A demonspawn (Orc:2)
  14 hydras
  15 centaur warriors
  2 spriggan zombies
  6 ice dragons
  4 ogre magi
  3 hell beasts
  12 alligators
  A salamander tyrant (Depths:1)
  10 great orbs of eyes
  3 ghost crabs
  2 peacekeepers
  8 ironbound frosthearts
  8 spriggan air magi
  10 anacondas
  12 two-headed ogres
  6 boulder beetles
  17 dancing weapons
  3 death knights
  6 deep troll shamans
  6 vampire magi
  12 tengu warriors
  A hell hog (Hell)
  A catoblepas (D:14)
  2 sphinx skeletons
  2 occultists
  4 satyrs (Depths:2)
  Urug (D:12)
  2 titan zombies
  A spectral dire elephant (Tar:3)
  7 spriggan berserkers
  3 thrashing horrors
  6 deep troll earth magi
  A demonic crawler (Hell)
  19 naga warriors
  A spectral naga (Crypt:3)
  16 naga sharpshooters
  4 soul eaters
  9 shock serpents
  6 orc high priests
  32 hell knights
  3 salamander mystics
  11 deep elf knights
  10 sun demons
  A shock serpent (shapeshifter) (Vaults:5)
  7 shadow wraiths
  41 skeletal warriors
  A spark wasp zombie (Depths:3)
  A skyshark (Lair:3)
  A tyrant leech (shapeshifter) (WizLab)
  8 swamp dragons
  6 iron trolls
  27 deep trolls
  3 goliath frogs
  11 mana vipers
  7 glowing orange brains
  2 sea snakes (Snake:1)
  2 shadow demons
  5 arcanists
  A quicksilver dragon simulacrum (Depths:1)
  A tengu zombie (Depths:3)
  A spectral iron dragon (Tar:1)
  2 obsidian statues (WizLab)
  An orange crystal statue (Lair:1)
  6 naga ritualists
  11 deep elf archers
  9 flayed ghosts
  8 bog bodies
  A lindwurm (shapeshifter) (Depths:3)
  Pikel (D:6)
  11 phantasmal warriors
  10 harpies
  A fenstrider witch simulacrum (Crypt:1)
  8 lindwurms
  5 obsidian bats
  11 necromancers
  3 anaconda skeletons
  7 large abominations
  59 ugly things
  2 wolf spiders (Lair:4)
  10 deep elf zephyrmancers
  3 fire giant zombies
  A wolf spider (shapeshifter) (Depths:4)
  19 ironbound convokers
  9 orc knights
  A wolf spider zombie (Crypt:2)
  8 cyclopes
  2 tengu skeletons (Vaults:2)
  21 deep elf pyromancers
  8 orc sorcerers
  A cyclops (shapeshifter) (Elf:2)
  4 fauns (Depths:2)
  5 will-o-the-wisps
  A worldbinder (Gauntlet)
  19 salamanders
  20 elephants
  7 shining eyes
  9 manticores
  A frost giant skeleton (Vaults:2)
  16 naga magi
  11 vault sentinels
  14 moths of wrath
  3 kobold blastminers (Orc:2)
  4 eyes of devastation
  3 rust devils
  A moth of wrath (shapeshifter) (Vaults:5)
  A stone giant skeleton (Vaults:2)
  36 black mambas
  A naga zombie (Crypt:2)
  A formless jellyfish zombie (Crypt:1)
  10 guardian serpents
  3 human skeletons (Vaults:2)
  9 smoke demons
  A titan simulacrum (Crypt:2)
  A fire giant skeleton (Vaults:2)
  11 cane toads
  An eye of devastation (shapeshifter) (Vaults:5)
  A kobold demonologist (D:12)
  A red draconian zombie (Crypt:1)
  3 molten gargoyles
  6 gargoyles
  3 hellions
  8 freezing wraiths
  An alligator snapping turtle skeleton (Crypt:2)
  24 yaktaurs
  A yaktaur skeleton (Vaults:2)
  A yaktaur (shapeshifter) (Vaults:5)
  2 rime drakes
  An unseen horror (D:12)
  3 tormentors
  9 tengu conjurers
  A grey draconian skeleton (Crypt:1)
  8 komodo dragons
  A spectral harpy (Tar:1)
  A harpy zombie (Crypt:1)
  5 trolls
  3 ice devils
  3 polar bears
  5 red devils
  12 tyrant leeches
  A polar bear (shapeshifter) (WizLab)
  2 tarantellas (Vaults:5)
  A hydra skeleton (Crypt:2)
  3 raiju
  Grinder (D:3)
  2 glass eyes
  An ettin zombie (Hell)
  22 hornets
  30 blink frogs
  A harpy skeleton (Crypt:2)
  2 jumping spiders (WizLab)
  A vampire (D:14)
  A culicivora (Vaults:2)
  4 shadows
  2 centaur simulacra (Gauntlet)
  18 spriggans
  A stone giant simulacrum (Crypt:2)
  Sigmund (D:2)
  A black mamba zombie (Crypt:2)
  53 slime creatures
  3 water elementals
  5 wraiths
  72 yaks
  A spriggan skeleton (D:15)
  10 fire elementals
  7 wyverns
  2 ynoxinuls (Lair:5)
  7 basilisks
  15 vampire mosquitoes
  A black mamba skeleton (Crypt:2)
  5 steam dragons
  3 wargs
  5 golden eyes (Slime:5)
  10 redbacks
  6 swamp worm simulacra (Swamp:4)
  A neqoxec (Orc:2)
  Menkaure (D:6)
  2 chaos spawn (Lair:5)
  A glowing shapeshifter zombie (Depths:3)
  16 swamp worms
  15 hydra simulacra (Swamp:4)
  8 hell hounds
  44 nagas
  10 water moccasins
  Duvessa (D:7)
  5 swamp drakes (Swamp:1)
  26 orc warriors
  An ice dragon simulacrum (Gauntlet)
  4 black bears
  A black bear (shapeshifter) (D:14)
  22 laughing skulls
  A black mamba simulacrum (Crypt:1)
  2 sky beasts (D:6)
  7 ogres
  19 wolves
  9 boggarts
  A centaur (D:9)
  A manticore skeleton (Crypt:2)
  3 lemures (D:6)
  A swamp dragon skeleton (Crypt:2)
  A bullfrog (shapeshifter) (Depths:2)
  7 kobold brigands
  A weeping skull (Crypt:3)
  14 bullfrogs
  3 earth elementals
  A warg zombie (Crypt:1)
  2 gnoll sergeants
  2 scorpions
  10 small abominations
  4 burial acolytes (Crypt:3)
  3 wights (D:9)
  Dowan (D:7)
  10 killer bees
  A vampire bat (Lair:2)
  5 electric eels
  5 howler monkeys
  A centaur zombie (Crypt:1)
  3 hounds
  7 jellies
  2 bombardier beetles
  19 orc priests
  2 sleepcaps
  Jessica (D:2)
  An iguana (shapeshifter) (D:14)
  4 iguanas
  11 orc wizards
  2 naga skeletons
  An adder (D:5)
  16 gnolls
  3 shadow imps (D:6)
  5 white imps
  2 swamp drake simulacra (Swamp:4)
  2 dart slugs
  4 ribbon worms
  64 orcs
  11 endoplasms
  5 giant cockroaches
  39 goblins
  22 hobgoblins
  3 jackals (D:3)
  11 quokkas
  4 ball pythons
  A ball python skeleton (Crypt:1)
  9 bats
  An endoplasm zombie (Crypt:2)
  3 frilled lizards (D:2)
  A gnoll skeleton (Crypt:1)
  41 kobolds
  3 rats
2511 creatures vanquished.

Vanquished Creatures (collateral kills)
  A spectral juggernaut (Tar:3)
  A phantasmal warrior (Vaults:5)
2 creatures vanquished.

Vanquished Creatures (others)
  A quicksilver dragon (Zot:2)
  An eldritch tentacle (WizLab)
  3 draconian knights (Zot:2)
  A hell knight (Hell)
  A spriggan berserker (Swamp:2)
  2 deep elf knights (Elf:1)
  A deep elf archer (Elf:1)
  A necromancer (Crypt:1)
  A bloated husk (Swamp:3)
  A spriggan (Swamp:2)
  A redback (WizLab)
  3 humans (Snake:1)
  A kobold brigand (D:9)
  A kobold (D:6)
  22 foxfires
  3 starspawn tentacles (WizLab)
44 creatures vanquished.

Grand Total: 2557 creatures vanquished

Notes
Turn   | Place    | Note
-------+----------+-------------------------------------------
     0 | D:1      | olmar the Mountain Dwarf Fighter began the quest for the
                  | Orb.
     0 | D:1      | Reached XP level 1. HP: 19/19 MP: 1/1
   116 | D:1      | Reached XP level 2. HP: 20/26 MP: 2/2
   714 | D:2      | Found Teemum's Antique Armour Emporium.
   798 | D:2      | Noticed Jessica
   804 | D:2      | Killed Jessica
   805 | D:2      | Reached XP level 3. HP: 32/33 MP: 3/3
   861 | D:2      | Noticed Sigmund
   871 | D:2      | Killed Sigmund
   872 | D:2      | Reached skill level 5 in Maces & Flails
   872 | D:2      | Reached XP level 4. HP: 35/40 MP: 4/4
   872 | D:2      | Reached XP level 5. HP: 40/46 MP: 5/5
  1572 | D:2      | Found a runed translucent door.
  1573 | D:2      | Noticed Crazy Yiuf
  1904 | D:3      | Reached XP level 6. HP: 35/52 MP: 6/6
  2314 | D:3      | Reached skill level 5 in Armour
  2490 | D:3      | Noticed Grinder
  2510 | D:3      | Killed Grinder
  2511 | D:3      | Reached XP level 7. HP: 38/60 MP: 7/7
  3368 | D:4      | You fall into a shaft and drop 3 floors!
  3398 | D:7      | Noticed Duvessa
  3403 | D:7      | Noticed Dowan
  3417 | D:8      | Noticed a wyvern
  3426 | D:8      | Killed a wyvern
  3427 | D:8      | Reached skill level 5 in Fighting
  3456 | D:7      | Killed Duvessa
  3461 | D:7      | Killed Dowan
  3524 | D:8      | Reached XP level 8. HP: 42/69 MP: 8/8
  3650 | D:7      | Reached skill level 1 in Evocations
  3845 | D:7      | Found a staircase to the Ecumenical Temple.
  3864 | Temple   | Entered the Ecumenical Temple
  3895 | Temple   | Became a worshipper of Gozag Ym Sagoz the Greedy
  4185 | D:6      | Identified the +10 orcbow of Onkogis {flame, Int+4 Stlth+}
  4432 | D:6      | Noticed Pikel
  4504 | D:6      | Killed Pikel
  4505 | D:6      | Reached skill level 10 in Maces & Flails
  4505 | D:6      | Reached XP level 9. HP: 44/78 MP: 9/9
  4680 | D:6      | Noticed Menkaure
  4693 | D:6      | Killed Menkaure
  4888 | D:6      | Found a bloodstained altar of Trog.
  4924 | D:6      | Found a blossoming altar of Fedhas.
  5008 | D:6      | Found Xoeptiys's Jewellery Shoppe.
  5010 | D:6      | Found Kinaruqe's Jewellery Shoppe.
  5011 | D:6      | Found Kemen's Magic Scroll Shoppe.
  5018 | D:6      | Found Nyquoh's Magic Scroll Shoppe.
  5020 | D:6      | Bought a scroll of revelation for 82 gold pieces
  5020 | D:6      | Bought a scroll of enchant armour for 82 gold pieces
  5020 | D:6      | Bought a scroll of noise for 11 gold pieces
  5020 | D:6      | Bought a scroll of identify for 22 gold pieces
  5020 | D:6      | Bought a scroll of identify for 22 gold pieces
  5020 | D:6      | Bought a scroll of identify for 22 gold pieces
  5101 | D:6      | Reached skill level 5 in Shields
  6142 | D:5      | Entered Level 5 of the Dungeon
  7406 | D:4      | Found a transporter.
  7410 | D:4      | Identified the +3 spear "Jirunk" {venom, rC+++ Dex-3}
  7416 | D:4      | Found a transporter.
  7416 | D:4      | Noticed draino's ghost (amateur OpSh)
  8264 | D:2      | Bought a bloodstained scarf for 300 gold pieces
  8264 | D:2      | Identified the scarf "Jerphuguy" {shadows, Fly rC- rCorr
                  | Dex+2} (You bought it in a shop on level 2 of the Dungeon)
  8271 | D:2      | Bought a pair of runed gloves for 225 gold pieces
  8366 | D:6      | Bought a scroll of fog for 48 gold pieces
  8366 | D:6      | Bought a scroll of blinking for 90 gold pieces
  8366 | D:6      | Bought a scroll of vulnerability for 48 gold pieces
  8366 | D:6      | Bought a scroll of poison for 48 gold pieces
  8366 | D:6      | Bought a scroll of identify for 24 gold pieces
  8625 | D:8      | Reached XP level 10. HP: 79/88 MP: 10/10
  8783 | D:8      | Identified the +2 robe "Kade Vywym" {rF++ Int+2}
  8834 | D:8      | Paralysed by a hornet for 1 turns
 10053 | D:6      | Bought a scroll of identify for 24 gold pieces
 10056 | D:6      | Bought a scroll of torment for 104 gold pieces
 10272 | D:9      | Found a staircase to the Lair.
 11319 | D:9      | Reached XP level 11. HP: 79/97 MP: 11/11
 11640 | D:10     | Entered Level 10 of the Dungeon
 11723 | D:10     | Reached skill level 10 in Fighting
 11808 | D:10     | Found a portal to a secret trove of treasure.
 11886 | D:10     | Found a flagged portal.
 11896 | Bailey   | Entered a bailey
 12090 | Bailey   | Noticed an orc knight
 12102 | Bailey   | Killed an orc knight
 12312 | Bailey   | Found a large runed translucent door.
 12312 | Bailey   | Found a large runed translucent door.
 12313 | Bailey   | Noticed a deep elf pyromancer
 12438 | Bailey   | Killed a deep elf pyromancer
 12451 | Bailey   | Identified the +6 chain mail of the Unseen Realm {Str+3
                  | Int+2 Dex+3}
 12454 | Bailey   | Identified the ring of Jypohel {AC+4 Dex+2}
 12472 | Bailey   | Identified a scroll of acquirement
 12821 | D:10     | Identified the +5 ring mail of the Moon {-Tele Fly rF+
                  | Stlth+}
 13033 | D:10     | Noticed a centaur warrior
 13049 | D:10     | Killed a centaur warrior
 13292 | D:11     | Found a gate leading to a gauntlet.
 13302 | D:11     | Acquired the +1 pair of gloves of the Akabeko {^Drain rElec
                  | Will++}
 13319 | Gauntlet | Entered a Gauntlet
 13319 | Gauntlet | Found a transporter.
 13320 | Gauntlet | Found a transporter.
 13333 | Gauntlet | Found the +1 robe of Vines {NoPotionHeal Regen++++}
 13335 | Gauntlet | Found a transporter.
 13353 | Gauntlet | Found a transporter.
 13366 | Gauntlet | Found a transporter.
 13377 | Gauntlet | Noticed a lightning spire
 13384 | Gauntlet | Found a transporter.
 13385 | Gauntlet | Noticed a lightning spire
 13392 | Gauntlet | Noticed a wolf spider
 13394 | Gauntlet | Found a transporter.
 13395 | Gauntlet | Noticed an entropy weaver
 13411 | Gauntlet | Found a transporter.
 13429 | Gauntlet | Found a transporter.
 13429 | Gauntlet | Noticed an oklob plant
 13444 | Gauntlet | Found a transporter.
 13466 | Gauntlet | Found a transporter.
 13481 | Gauntlet | Found a transporter.
 13546 | Gauntlet | Found a transporter.
 13881 | Gauntlet | Noticed a goliath frog
 13881 | Gauntlet | Noticed a bog body
 13899 | Gauntlet | Found a transporter.
 13906 | Gauntlet | Identified the ring of the Forsaken Heavens {^Drain +Blink
                  | rN+ rCorr SInv}
 14132 | Gauntlet | Identified the ring "Quses" {rN+ MP+9 Dex+3 SInv}
 14259 | Gauntlet | Noticed a minotaur
 14299 | Gauntlet | Killed a minotaur
 14325 | Gauntlet | Identified the staff of Royalism {Fly rPois rF+ rN+ Will-
                  | Necro}
 14325 | Gauntlet | Identified the ring "Cufufiqu" {rN+ rCorr Dex+2}
 14524 | D:11     | Found a staircase to the Orcish Mines.
 14669 | D:11     | Noticed a two-headed ogre
 14681 | D:11     | Killed a two-headed ogre
 14723 | D:11     | Reached skill level 15 in Maces & Flails
 14779 | D:11     | Noticed a boulder beetle
 14838 | D:11     | Killed a boulder beetle
 14877 | D:11     | Noticed a two-headed ogre
 14884 | D:11     | a two-headed ogre changed into a raiju
 14899 | D:11     | Reached XP level 12. HP: 81/110 MP: 12/12
 15287 | D:12     | Noticed Nessos
 15391 | Lair:1   | Entered Level 1 of the Lair of Beasts
 15443 | Lair:1   | Noticed Prince Ribbit
 15452 | Lair:1   | Prince Ribbit changed into Prince Ribbit the harpy
 15452 | Lair:1   | Noticed Prince Ribbit
 15459 | Lair:1   | Killed Prince Ribbit the harpy
 15460 | Lair:1   | Reached skill level 10 in Armour
 15470 | Lair:1   | Noticed Harold
 15502 | Lair:1   | Killed Harold
 15503 | Lair:1   | Reached skill level 5 in Evocations
 15565 | Lair:1   | Identified the +6 dagger of Ocih Jao {drain, rC+ Str+2
                  | Dex+3}
 16846 | Lair:2   | Noticed a five-headed hydra
 16868 | Lair:2   | Killed a five-headed hydra
 17167 | Lair:2   | Found a staircase to the Snake Pit.
 17577 | Orc:1    | Entered Level 1 of the Orcish Mines
 17617 | Orc:1    | Found Coggyont's Antique Armour Shoppe.
 17681 | Orc:1    | Reached XP level 13. HP: 67/119 MP: 13/13
 17728 | Orc:1    | Found a dark tunnel.
 17800 | Volcano  | Entered a volcano
 17879 | Volcano  | Reached skill level 10 in Shields
 17881 | Volcano  | Noticed a stone giant
 17889 | Volcano  | Killed a stone giant
 18295 | Orc:1    | You are sucked into a shaft and drop 1 floor!
 18295 | Orc:2    | Entered Level 2 of the Orcish Mines
 20385 | Orc:2    | Found Jidoad's Magic Scroll Shoppe.
 20870 | Orc:2    | Found Widek's Distillery.
 21057 | Orc:2    | Bought a scroll of fear for 64 gold pieces
 21057 | Orc:2    | Bought a scroll of identify for 32 gold pieces
 21057 | Orc:2    | Bought a scroll of identify for 32 gold pieces
 21057 | Orc:2    | Bought a scroll of teleportation for 48 gold pieces
 21057 | Orc:2    | Bought a scroll of teleportation for 48 gold pieces
 21057 | Orc:2    | Bought a scroll of teleportation for 48 gold pieces
 21059 | Orc:2    | Bought a potion of heal wounds for 70 gold pieces
 21059 | Orc:2    | Bought a potion of heal wounds for 70 gold pieces
 21059 | Orc:2    | Bought a potion of haste for 140 gold pieces
 21059 | Orc:2    | Bought a potion of berserk rage for 70 gold pieces
 21059 | Orc:2    | Bought a potion of curing for 42 gold pieces
 21059 | Orc:2    | Bought a potion of curing for 42 gold pieces
 21059 | Orc:2    | Bought a potion of curing for 42 gold pieces
 21072 | Orc:2    | Bought a potion of resistance for 140 gold pieces
 21072 | Orc:2    | Bought a potion of lignification for 42 gold pieces
 21072 | Orc:2    | Bought a potion of resistance for 140 gold pieces
 21132 | Orc:2    | Found a staircase to the Elven Halls.
 21892 | Orc:2    | Gained mutation: Your magical capacity is low. (-10% MP) [a
                  | neqoxec]
 22103 | Orc:2    | Reached XP level 14. HP: 119/130 MP: 12/12
 22117 | Orc:2    | Found Duloux's Antique Armour Shop.
 22117 | Orc:2    | Found Judusinuuf's Book Boutique.
 22118 | Orc:2    | Found a one-way gate leading to the halls of Pandemonium.
 22126 | Orc:2    | Bought a glowing helmet for 127 gold pieces
 22368 | Lair:1   | Got the Monograph on Arcane Weapons
 22371 | Lair:1   | Identified the staff "Imp's Bane" {rF+ rC- Necro Fire
                  | Alchemy}
 22373 | Lair:1   | Identified the +0 scale mail "Ykaihudd" {rN+ Dex+8}
 22529 | Lair:3   | Found a staircase to the Swamp.
 23768 | Lair:4   | You are sucked into a shaft and drop 1 floor!
 23768 | Lair:5   | Entered Level 5 of the Lair of Beasts
 24177 | Lair:5   | Found a runed translucent door.
 24177 | Lair:5   | Found a shimmering altar of Xom.
 24177 | Lair:5   | Noticed TwadoKnight's ghost (journeyman MiFi)
 24851 | Lair:5   | Identified the +0 leather armour "Weabenni" {Fly}
 24862 | Lair:5   | Reached skill level 15 in Fighting
 25129 | Lair:5   | Reached XP level 15. HP: 141/141 MP: 13/13
 25216 | Lair:5   | Found a corrupted altar of Lugonu.
 25216 | Lair:5   | Found a one-way gate to the infinite horrors of the Abyss.
 25752 | D:11     | Acquired the amulet "Tuutz" {Spirit rPois Int-5 SInv
                  | Stlth+}
 26059 | D:12     | Noticed Snorg
 26075 | D:12     | Killed Snorg
 26346 | D:12     | Killed Nessos
 26624 | D:12     | Noticed Urug
 26626 | D:12     | Noticed Frances
 26635 | D:12     | Killed Urug
 26641 | D:12     | Killed Frances
 26965 | D:12     | Noticed Azrael
 26986 | D:12     | Killed Azrael
 27598 | D:12     | Bought a faintly humming chain mail for 256 gold pieces
 27598 | D:12     | Identified the +0 chain mail of the Tangerine {rC++} (You
                  | bought it in a shop on level 12 of the Dungeon)
 28277 | D:13     | Found a gate to the Vaults.
 28287 | D:13     | Found Poimapi's Distillery.
 28315 | D:13     | Bought a potion of enlightenment for 65 gold pieces
 28315 | D:13     | Bought a potion of enlightenment for 65 gold pieces
 28315 | D:13     | Bought a potion of enlightenment for 65 gold pieces
 28315 | D:13     | Bought a potion of curing for 39 gold pieces
 28877 | D:14     | Noticed Josephine
 28889 | D:14     | Killed Josephine
 29908 | D:14     | Identified the maw talisman of the Rose {rElec Dex+3}
 30945 | D:15     | Entered Level 15 of the Dungeon
 30962 | D:15     | Reached XP level 16. HP: 105/152 MP: 9/14
 30977 | D:15     | Noticed Louise
 30991 | D:15     | Killed Louise
 31297 | D:15     | Found a staircase to the Depths.
 32387 | D:15     | Noticed Roxanne
 32401 | D:15     | Killed Roxanne
 32956 | D:15     | Bought a scarf of resistance for 480 gold pieces
 33457 | Elf:1    | Entered Level 1 of the Elven Halls
 33545 | Elf:1    | Reached skill level 15 in Armour
 33837 | Elf:1    | You fall into a shaft and drop 1 floor!
 33878 | Elf:2    | Found a runed translucent gate.
 33889 | Elf:2    | Found a runed translucent gate.
 33890 | Elf:2    | Found a runed translucent gate.
 35619 | Elf:1    | Reached XP level 17. HP: 148/163 MP: 15/15
 35703 | Elf:1    | Got the Codex of Vapourous Detritus
 35733 | Elf:1    | Found Nuhapuk's Distillery.
 35737 | Elf:1    | Bought a potion of curing for 48 gold pieces
 35737 | Elf:1    | Bought a potion of haste for 160 gold pieces
 35737 | Elf:1    | Bought a potion of invisibility for 128 gold pieces
 35737 | Elf:1    | Bought a potion of mutation for 128 gold pieces
 35737 | Elf:1    | Bought a potion of might for 64 gold pieces
 35737 | Elf:1    | Bought 2 potions of ambrosia for 256 gold pieces
 35737 | Elf:1    | Bought a potion of cancellation for 128 gold pieces
 35737 | Elf:1    | Bought a potion of invisibility for 128 gold pieces
 35737 | Elf:1    | Bought a potion of enlightenment for 80 gold pieces
 36025 | Elf:3    | Entered Level 3 of the Elven Halls
 37067 | Elf:3    | Noticed a deep elf blademaster
 37075 | Elf:3    | Killed a deep elf blademaster
 37093 | Elf:3    | Noticed a deep elf master archer
 37095 | Elf:3    | Killed a deep elf master archer
 37380 | Elf:3    | Noticed a deep elf blademaster
 37391 | Elf:3    | Killed a deep elf blademaster
 37634 | Elf:3    | Noticed a deep elf master archer
 37689 | Elf:3    | Killed a deep elf master archer
 38411 | Elf:3    | Identified the +0 battleaxe of Invincibility {speed, *Noise
                  | rPois Str+2 Stlth+}
 38422 | Elf:3    | Reached skill level 15 in Shields
 38434 | Elf:3    | Identified the +2 flail of Accord {freeze, Int+4 Dex+2}
 39842 | Elf:3    | Identified the +7 scimitar "Pucwaot" {drain, rN+ Str+4}
 39843 | Elf:3    | Identified the +7 short sword "Teavvio" {heavy, ^Drain rN+
                  | Int+2 Stlth+}
 39859 | Elf:3    | Noticed a Tzitzimitl
 39860 | Elf:3    | Noticed an Ice Fiend
 39902 | Elf:3    | Noticed a Brimstone Fiend
 40325 | Elf:3    | Got Enwew's Excursus on Amalgamated Orientation
 40348 | Elf:3    | Identified the +9 gold dragon scales "Xeschimyz" {Fly rPois
                  | rF+ rC+ rN+ Int-3}
 40366 | Elf:3    | Identified the +0 scale mail of the Jackalope {*Slow rCorr
                  | Str+4}
 40658 | Swamp:1  | Entered Level 1 of the Swamp
 40939 | Swamp:1  | Found a stormy altar of Qazlal.
 41640 | Swamp:2  | Reached XP level 18. HP: 110/174 MP: 15/16
 41885 | D:10     | You paid a toll of 6 scrolls of fear to enter a treasure
                  | trove
 41886 | Trove    | Entered a treasure trove
 41896 | Trove    | Identified the ring of Xom's Best Wishes {rC+ Str+6 Dex+5}
 41900 | Trove    | Identified the ring of Zin's Supremacy {Fly rN++ Int-2
                  | Dex+6}
 41902 | Trove    | Identified the amulet "Ustra" {Acrobat Str+5}
 41904 | Trove    | Identified the amulet "Osawoxoi" {Faith rC+ rN+ MP-9 Str+2}
 41907 | Trove    | Identified the ring "Ponlorac" {Str+2 Dex+6}
 41912 | Trove    | Identified the ring of Lippugg {Dex+4 SInv}
 41915 | Trove    | Identified the amulet "Wann" {Acrobat Str+2 Stlth+}
 41917 | Trove    | Identified the ring "Mouting" {Fire +Blink rElec rPois
                  | Will+}
 41919 | Trove    | Identified the amulet "Xoorchae" {Acrobat rElec rPois MP+9}
 41921 | Trove    | Identified the ring "Oriuq" {Will+ SInv}
 41923 | Trove    | Identified the ring of Qistroar {Fire Str+4 Int+3}
 41934 | D:10     | Upgraded the game from 0.32-a0-872-g59262bdc9b to
                  | 0.32-a0-876-gcfddb08e57
 42155 | D:15     | Found Donlaan's Jewellery Emporium.
 42163 | D:15     | Bought the amulet "Dylabal" {Spirit -Cast Harm Regen+
                  | Stlth+} for 459 gold pieces
 43095 | Swamp:3  | Noticed Bai Suzhen
 43113 | Swamp:3  | Killed Bai Suzhen
 43656 | Swamp:4  | Entered Level 4 of the Swamp
 44425 | Swamp:4  | Got a decaying rune of Zot
 44707 | Snake:1  | Entered Level 1 of the Snake Pit
 44707 | Snake:1  | Found a shimmering blue altar of Sif Muna.
 44810 | Snake:1  | Noticed Nikola
 44823 | Snake:1  | Noticed Kirke
 44831 | Snake:1  | Killed Nikola
 44844 | Snake:1  | Killed Kirke
 45048 | Snake:1  | Found a large runed translucent door.
 45048 | Snake:1  | Found a large runed translucent door.
 45338 | Snake:1  | Found Geanoyhe's Antique Armour Boutique.
 45343 | Snake:1  | Bought a pitted cloak for 285 gold pieces
 45343 | Snake:1  | Identified the +1 cloak "Gyege" {Int+2} (You bought it in a
                  | shop on level 1 of the Snake Pit)
 45421 | Snake:1  | Noticed Veceraphext's ghost (adept CoAr)
 45737 | Snake:2  | Found Jusuluo's Antique Weapon Shoppe.
 45780 | Snake:2  | Found Gesegey's General Store.
 45789 | Snake:2  | Bought a scroll of immolation for 48 gold pieces
 45789 | Snake:2  | Bought a scroll of fog for 48 gold pieces
 45789 | Snake:2  | Bought a scroll of enchant weapon for 90 gold pieces
 45789 | Snake:2  | Bought a scroll of teleportation for 36 gold pieces
 45789 | Snake:2  | Bought a wand of roots (3) for 86 gold pieces
 45897 | Snake:2  | Noticed Jorgrun
 45903 | Snake:2  | Killed Jorgrun
 45928 | Snake:2  | Found a shimmering blue altar of Sif Muna.
 45999 | Snake:2  | Identified the serpent talisman of the Big Bang {*Corrode
                  | Str+3 Int+2 Dex+3}
 45999 | Snake:2  | Noticed Aizul
 46007 | Snake:2  | Killed Aizul
 46008 | Snake:2  | Reached XP level 19. HP: 161/184 MP: 17/17
 46101 | Snake:2  | Found Pulod's Weapon Shop.
 46155 | Snake:2  | Found Noxess's Armour Shoppe.
 46177 | Snake:2  | Found Fepel's Book Boutique.
 46177 | Snake:2  | Found Duijos's Jewellery Emporium.
 46178 | Snake:2  | Found Eggyij's Book Boutique.
 46546 | Snake:3  | Noticed Vashnia
 46556 | Snake:3  | Killed Vashnia
 46656 | Snake:3  | Found Hosmoluf's Armour Shoppe.
 46698 | Snake:3  | Found Ladomyat's Jewellery Boutique.
 46715 | Snake:3  | Bought the ring of Altruism {rF+ Will+ MP+9 Str+2 Dex+3}
                  | for 889 gold pieces
 47253 | Snake:3  | Found Ojanwe's Armour Emporium.
 47272 | Snake:4  | Entered Level 4 of the Snake Pit
 47272 | Snake:4  | Noticed Donald
 47288 | Snake:3  | Killed Donald
 48633 | Snake:4  | Got a serpentine rune of Zot
 49043 | Vaults:1 | Entered Level 1 of the Vaults
 49362 | Vaults:1 | Reached XP level 20. HP: 183/195 MP: 18/18
 51452 | Vaults:2 | Found a staircase to the Crypt.
 51530 | Vaults:2 | Found a huge runed translucent gate.
 51530 | Vaults:2 | Found a huge runed translucent gate.
 51530 | Vaults:2 | Found a huge runed translucent gate.
 51530 | Vaults:2 | Found a huge runed translucent gate.
 51530 | Vaults:2 | Found a huge runed translucent gate.
 51530 | Vaults:2 | Found a huge runed translucent gate.
 51530 | Vaults:2 | Found a huge runed translucent gate.
 51531 | Vaults:2 | Found a huge runed translucent gate.
 51531 | Vaults:2 | Found a huge runed translucent gate.
 51531 | Vaults:2 | Found a huge runed translucent gate.
 51531 | Vaults:2 | Found a huge runed translucent gate.
 51531 | Vaults:2 | Found a huge runed translucent gate.
 51532 | Vaults:2 | Found a huge runed translucent gate.
 51537 | Vaults:2 | Found a huge runed translucent gate.
 51538 | Vaults:2 | Found a huge runed translucent gate.
 51538 | Vaults:2 | Found a huge runed translucent gate.
 51538 | Vaults:2 | Found a huge runed translucent gate.
 51538 | Vaults:2 | Found a huge runed translucent gate.
 51540 | Vaults:2 | Found a huge runed translucent gate.
 51541 | Vaults:2 | Found a huge runed translucent gate.
 51542 | Vaults:2 | Found a huge runed translucent gate.
 51542 | Vaults:2 | Found a huge runed translucent gate.
 51561 | Vaults:2 | Found a huge runed translucent gate.
 51562 | Vaults:2 | Found a huge runed translucent gate.
 51562 | Vaults:2 | Found a huge runed translucent gate.
 51562 | Vaults:2 | Found a huge runed translucent gate.
 51562 | Vaults:2 | Found a huge runed translucent gate.
 51572 | Vaults:2 | Found a huge runed translucent gate.
 51573 | Vaults:2 | Found a huge runed translucent gate.
 51574 | Vaults:2 | Found a huge runed translucent gate.
 51574 | Vaults:2 | Found a huge runed translucent gate.
 51578 | Vaults:2 | Found a huge runed translucent gate.
 51579 | Vaults:2 | Found a huge runed translucent gate.
 51580 | Vaults:2 | Found a huge runed translucent gate.
 51580 | Vaults:2 | Found a huge runed translucent gate.
 51629 | Vaults:2 | Found a huge runed translucent gate.
 51824 | Vaults:3 | Identified the +3 quarterstaff "Siump" {spect, *Corrode
                  | Dex+4}
 53018 | Vaults:4 | Reached XP level 21. HP: 200/206 MP: 18/18
 53838 | Vaults:4 | Acquired 597 gold pieces
 54472 | Vaults:5 | Entered Level 5 of the Vaults
 54694 | Vaults:5 | Acquired the scarf of the Witching Gods {shadows, rF+++ rC-
                  | Str-3 Stlth+}
 54709 | Vaults:5 | Noticed a golden dragon
 54742 | Vaults:5 | Killed a golden dragon
 54745 | Vaults:5 | Noticed a golden dragon
 54747 | Vaults:5 | Identified the +3 leather armour of Bitterness {^Drain rC++
                  | Regen+ Int-4}
 54942 | Vaults:5 | Noticed Xtahua
 54959 | Vaults:5 | Killed Xtahua
 55029 | Vaults:5 | Noticed Mara
 55055 | Vaults:5 | Noticed olmar's illusion
 55066 | Vaults:5 | Killed Mara
 55246 | Vaults:5 | Identified the orb of the Seven Villages {*channel, Conj
                  | Hexes}
 55246 | Vaults:5 | Noticed Frederick
 55255 | Vaults:5 | Killed Frederick
 55256 | Vaults:5 | Reached XP level 22. HP: 145/217 MP: 17/19
 55506 | Vaults:5 | Noticed a golden dragon
 55516 | Vaults:5 | Killed a golden dragon
 55617 | Vaults:5 | Identified the +7 halberd of Darkness {freeze, rN+ rCorr
                  | Int+3}
 55639 | Vaults:5 | Identified the blade talisman "Cuif" {*Corrode rPois Int+6}
 55641 | Vaults:5 | Identified the staff of Titoshruh {rC+ Ice Alchemy}
 55652 | Vaults:5 | Identified the staff of the Asp {rElec rF- rC+ Hexes Ice}
 55757 | Vaults:5 | Identified the ring "Ahupafau" {Fire rElec Str+2 Slay+2}
 55765 | Vaults:5 | Identified the staff of Sannemp {rPois rC+ rN+ Will++ rCorr
                  | Alchemy}
 55769 | Vaults:5 | Killed a golden dragon
 55899 | Vaults:5 | Identified the +0 plate armour of Amnouv {Int+8 Dex-2}
 55904 | Vaults:5 | Identified the staff of the Reaper {rF+ Int+2 Fire}
 55929 | Vaults:5 | Identified the staff of the End {Str-2 Dex+5 Earth}
 55945 | Vaults:5 | Identified the +3 buckler of Fortitude {Slay+2}
 55957 | Vaults:5 | Got a silver rune of Zot
 56013 | Vaults:5 | Identified the +10 plate armour of Going Fast {rPois rN+++
                  | Int-2 Slay+3}
 56122 | Vaults:5 | Got the Lectures on Rot and Maleficia
 56716 | Depths:1 | Entered Level 1 of the Depths
 56864 | Depths:1 | Found a one-way gateway to a ziggurat.
 56903 | Depths:1 | Found a gateway to Hell.
 57073 | Depths:1 | Identified the +9 longbow of Daollaej {heavy, rPois Str+2
                  | Int+4 Dex-2}
 57635 | Depths:2 | Found a shadowy altar of Dithmenos.
 58250 | Depths:2 | Reached XP level 23. HP: 214/227 MP: 20/20
 58445 | Depths:2 | Noticed the Enchantress
 58464 | Depths:2 | Reached skill level 27 in Maces & Flails
 58477 | Depths:2 | Killed the Enchantress
 59044 | Depths:3 | Noticed Mennas
 59073 | Depths:2 | Killed Mennas
 59139 | Depths:3 | Noticed Parghit
 59162 | Depths:3 | Killed Parghit
 59743 | Depths:3 | Found a corrupted altar of Lugonu.
 60265 | Depths:4 | Entered Level 4 of the Depths
 60479 | Depths:4 | Found a gate to the Realm of Zot.
 60608 | Depths:4 | Found a magical portal.
 60636 | WizLab   | Entered The Roulette of Golubria
 60636 | WizLab   | Found a transporter.
 60641 | WizLab   | Found the +1 cloak of Starlight {*Dazzle EV+4 Stlth--}
 60641 | WizLab   | Found a corrupted altar of Lugonu.
 60682 | WizLab   | Found a transporter.
 60823 | WizLab   | Found a transporter.
 60844 | WizLab   | Found a transporter.
 60861 | WizLab   | Found a transporter.
 60862 | WizLab   | Found a transporter.
 60875 | WizLab   | Reached skill level 27 in Shields
 60938 | WizLab   | Found a corrupted altar of Lugonu.
 60971 | WizLab   | Found a corrupted altar of Lugonu.
 61005 | WizLab   | Found a corrupted altar of Lugonu.
 61006 | WizLab   | Found a corrupted altar of Lugonu.
 61009 | WizLab   | Found a corrupted altar of Lugonu.
 61011 | WizLab   | Found a transporter.
 61089 | WizLab   | Found a transporter.
 61090 | WizLab   | Found a transporter.
 61232 | WizLab   | Found a transporter.
 61240 | WizLab   | Found a transporter.
 61337 | WizLab   | Identified the +2 cloak of Ybuilog {+Blink Int+4}
 61344 | WizLab   | Got Golubria's Spellbook of the Blink Frog
 61347 | WizLab   | Identified the +1 cloak of the Bagpipe {Harm rElec rCorr}
 61483 | WizLab   | Found a transporter.
 61483 | WizLab   | Found a transporter.
 61520 | WizLab   | Found a transporter.
 61520 | WizLab   | Found a transporter.
 61582 | WizLab   | Found a transporter.
 61582 | WizLab   | Found a transporter.
 61600 | WizLab   | Found a corrupted altar of Lugonu.
 61846 | Depths:4 | Reached XP level 24. HP: 240/240 MP: 20/20
 62600 | Zot:1    | Entered Level 1 of the Realm of Zot
 64557 | Zot:2    | Found a hazy altar of Hepliaklqana.
 65561 | Zot:3    | Reached XP level 25. HP: 193/255 MP: 20/20
 65603 | Zot:3    | Identified the +1 glaive of Boll {venom, Str+6 Dex-3}
 65612 | Zot:3    | Reached skill level 27 in Fighting
 67853 | Zot:5    | Entered Level 5 of the Realm of Zot
 68329 | Zot:5    | Noticed a dread lich
 68339 | Zot:4    | Killed a dread lich
 68840 | Crypt:1  | Entered Level 1 of the Crypt
 69330 | Crypt:1  | Reached skill level 10 in Evocations
 69444 | Crypt:1  | Identified the +8 rapier of Otieposk {drain, rF+ rC+ SInv}
 70080 | Crypt:2  | Noticed Margery
 70089 | Crypt:2  | Killed Margery
 70840 | Crypt:3  | Entered Level 3 of the Crypt
 71132 | Crypt:3  | Found a basalt altar of Yredelemnul.
 71301 | Crypt:3  | Bought a pair of glowing boots for 285 gold pieces
 71397 | Crypt:3  | Reached XP level 26. HP: 265/266 MP: 20/20
 71655 | Crypt:3  | Found a staircase to the Tomb.
 71685 | Crypt:3  | Got Ilopeomi's Elucidation of Remains
 71897 | Crypt:3  | Identified the +0 scale mail "Cicakh" {rF- Str+3 Dex+4}
 72537 | Lair:4   | Found a staircase to the Slime Pits.
 73089 | Slime:1  | Entered Level 1 of the Pits of Slime
 73196 | Slime:2  | Gained mutation: Your health recovers twice as slowly from
                  | being drained. [a shining eye]
 73201 | Slime:2  | Gained mutation: You have hidden genetic potential. [a
                  | shining eye]
 73770 | Slime:5  | Entered Level 5 of the Pits of Slime
 73776 | Slime:5  | Gained mutation: You are clumsy. (Dex -2) [a shining eye]
 73930 | Slime:5  | Gained mutation: You are frail. (-10% HP) [a shining eye]
 74265 | Slime:5  | Gained mutation: Your magical capacity is very low. (-20%
                  | MP) [a shining eye]
 74267 | Slime:5  | Gained mutation: You occasionally lose the ability to drink
                  | potions when taking damage. [a shining eye]
 74288 | Slime:5  | Noticed the Royal Jelly
 74296 | Slime:5  | Killed the Royal Jelly
 74297 | Slime:5  | Reached skill level 27 in Armour
 74419 | Slime:5  | Identified the +1 ring mail "Farydghypt" {^Drain Regen+
                  | MP+9 Int+3}
 74508 | Slime:5  | Got a slimy rune of Zot
 74551 | Slime:5  | Identified the +1 pair of boots of Midnight {+Blink rElec}
 74570 | Slime:5  | Identified the +9 flail of Eternal Harmony {freeze, Str+2}
 74598 | Slime:5  | Identified the amulet of the Republic {rElec RegenMP+ Int+2
                  | Dex+3}
 75465 | Hell     | Entered the Vestibule of Hell
 75465 | Hell     | Noticed Geryon
 75477 | Hell     | Killed Geryon
 75564 | Hell     | Reached skill level 15 in Evocations
 75784 | Hell     | Found a gateway to the freezing wastes of Cocytus.
 75951 | Hell     | Found a gateway to the Iron City of Dis.
 76071 | Hell     | Reached XP level 27. HP: 193/245 MP: 18/18
 76115 | Hell     | Found a gateway to the ashen valley of Gehenna.
 76191 | Hell     | Found a gateway to the decaying netherworld of Tartarus.
 76379 | Tar:1    | Entered Level 1 of Tartarus
 77444 | Tar:3    | You are sucked into a shaft and drop 1 floor!
 77452 | Tar:4    | Noticed an ancient lich
 77464 | Tar:4    | Killed an ancient lich
 77488 | Tar:4    | Gained mutation: You have large cloven feet. [hidden
                  | potential]
 77518 | Tar:4    | HP: 9/220 [poisoned by a tainted leviathan (dark miasma)]
 77518 | Tar:4    | HP: 4/220 [tainted leviathan (5)]
 77518 | Tar:4    | Killed from afar by a putrid mouth

Illustrated notes

Levels and vault maps discovered:
D:1:      shiori_shiawase, layout_basic
D:2:      layout_basic, serial_rivers, chequers_serial_rivers_micro_a,
          chequers_serial_rivers_micro_a, chequers_serial_rivers_small_b,
          chequers_serial_rivers_micro_b, chequers_serial_rivers_micro_d,
          chequers_serial_rivers_micro_c, serial_shops, nicolae_shop_crystal,
          uniq_sigmund, uniq_crazy_yiuf_cottage, uniq_jessica
D:3:      minmay_chambers_of_twos, layout_basic, uniq_grinder
D:4:      minmay_goblin_kobold_castle, layout_loops_cross,
          gammafunk_ghost_gnarly_gnolls
D:5:      layout_basic, chequers_serial_rivers_large_a
D:6:      layout_basic, mainiacjoe_overflow_two_lobes,
          corexii_item_surrounded_by_moat, kennysheep_cross_bottleneck,
          nicolae_lava_and_water, minmay_shop_grid_forest, uniq_pikel,
          uniq_menkaure
D:7:      layout_cave_pools, minmay_temple_entry_antechambers, uniq_duvessa
D:8:      layout_basic
D:9:      layout_irregular_city, dpeg_oklobed_lair, minmay_misc_feat_chi,
          minmay_increasing_density
D:10:     layout_roguey, enter_bailey_2, nicolae_trove_entry_columns
D:11:     layout_loops_ring, orc_0_dummy, gauntlet_entry_generic
D:12:     layout_basic, uniq_nessos, uniq_azrael, uniq_frances, uniq_snorg,
          uniq_urug
D:13:     layout_gridville, skrybe_vaults_entry_preservation, serial_shops,
          shop, minmay_misc_feat_secret_circle
D:14:     kennysheep_room_grid, layout_gridville,
          hangedman_abyss_or_decor_clamps, uniq_josephine
D:15:     gammafunk_depths_entry_grave, layout_loops_corners, serial_shops,
          nicolae_shop_real_fake_doors, minmay_rotating_lava, uniq_roxanne,
          uniq_louise
Temple:   mainiacjoe_temple_big_plus
Lair:1:   statuecave_lemuel, layout_hall_layers, uniq_harold,
          uniq_prince_ribbit2
Lair:2:   layout_chaotic_city, minmay_snake_entry_guardpost_large,
          nicolae_quartered_pool_little, roderic_batcave
Lair:3:   layout_roguey, skrybe_swamp_entry_bodies, infiniplex_staircase_pool
Lair:4:   layout_hall_layers, nicolae_slime_entry_slimehenge, minivault_26,
          nicolae_lair_run_with_the_wolves, grunt_megastairs_3
Lair:5:   hellmonk_lair_end_abyssal_woods, layout_regular_city,
          ebering_ghost_xom, grunt_megastairs_4
Swamp:1:  layout_basic_swamp, basic_altar, swamp_pool_5
Swamp:2:  tekkud_swamp_unearthing_site, layout_basic_swamp,
          evilmike_swamp_ruin_house_1, hangedman_swamp_ruin_wall
Swamp:3:  nicolae_swamp_standing_stones, layout_falls_marsh,
          evilmike_swamp_ruin_house_5, swamp_pool_1_2, uniq_bai_suzhen
Swamp:4:  swamp_icy, layout_basic_swamp
Snake:1:  layout_onion_interference, basic_altar, serial_shops, shop,
          ebering_ghost_disaster_area, serial_bayou_shore_b,
          serial_bayou_shore_a, uniq_kirke, uniq_nikola
Snake:2:  nicolae_aizul_guard, layout_misc_corridors, serial_shops,
          nicolae_shop_stone, nicolae_shop_peninsula, shop, shop,
          grunt_ministairs_10, st_stairs_3,
          serial_library_hellmonk_narrow_alcove, minmay_shop_grove,
          lemuel_fruit_tree, uniq_jorgrun
Snake:3:  layout_rooms, serial_shops, shop, nicolae_stop_n_shop_1,
          nicolae_shop_tiny_real_fake_doors, grunt_megastairs_5, uniq_vashnia
Snake:4:  snake_pit, layout_cave_shapes, grunt_ministairs_10,
          nicolae_snake_flat_spine, uniq_donald, uniq_aizul
Slime:1:  layout_caves
Slime:2:  layout_caves
Slime:3:  layout_caves
Slime:4:  layout_caves
Slime:5:  slime_pit_nicolae_block_by_block
Orc:1:    layout_diamond_mine, nicolae_volcano_entry_lava_flow, serial_shops,
          shop, einodemon_armed_red_devil_minivault
Orc:2:    pf_orc_diabolical, layout_caves
Elf:1:    layout_loops_corners, serial_shops, nicolae_shop_back_alley_shop,
          guppyfry_library_mini
Elf:2:    elven_hall_of_blades_hangedman_original
          [nicolae_blade_entry_diamond_columns], layout_geoelf_octagon
Elf:3:    elf_hall, layout_geoelf_castle
Vaults:1: nicolae_vaults_mitosis, nicolae_vaults_weapon_check,
          vaults_room_door_hall, hangedman_vaults_variations,
          nicolae_vaults_rhombus_6, nicolae_vaults_shelves_hall,
          nicolae_vaults_trapezoid_lopsided_1, nicolae_vaults_double_plus_1,
          nicolae_vaults_storage_closets_1, vaults_room_door_ring,
          ontoclasm_vaults_chip, layout_vaults_chaotic_city
Vaults:2: nicolae_vaults_trapezoid_lopsided_1,
          minmay_crypt_entry_skeletal_spiral, door_vault,
          grunt_vaults_hallway_short, nicolae_vaults_layer_cake_slice,
          nicolae_vaults_frosty_reception, dpeg_vaults_monster_box,
          nicolae_vaults_asterisk, nicolae_vaults_heist,
          nicolae_vaults_trapezoid_3, layout_vaults_maze_snakey
Vaults:3: serial_library_hellmonk_semicircle, grunt_vaults_bifocal,
          hangedman_vaults_capsules, nicolae_vaults_tetromino_T_2,
          vaults_room_hangedman_quadrants, vaults_mumra_hexcomb,
          grunt_vaults_trifunnel, hangedman_vaults_locks, v_misc_11,
          nicolae_vaults_closet_pinwheel_3, nicolae_vaults_house_1,
          nicolae_vaults_tetromino_L_1, layout_vaults_ring
Vaults:4: nicolae_vaults_storage_closets_2, nicolae_vaults_network_quincunx
          [nicolae_vaults_network_quincunx_subvault,
          nicolae_vaults_network_quincunx_subvault,
          nicolae_vaults_network_quincunx_subvault,
          nicolae_vaults_network_quincunx_subvault,
          nicolae_vaults_network_quincunx_subvault],
          nicolae_vaults_storage_room_doors, nicolae_vaults_apartment_1,
          nicolae_vaults_closet_pinwheel_2, nicolae_vaults_little_squares_5,
          nicolae_vaults_shelves_hall, v_misc_26,
          nicolae_vaults_sesquioval_fish, nicolae_vaults_little_ls,
          vaults_room_door_hall, layout_vaults_omnicross
Vaults:5: uniq_mara, uniq_xtahua, uniq_frederick
Crypt:1:  layout_regular_city, grunt_megastairs_2
Crypt:2:  layout_regular_city, corexii_leaking_fountain, grunt_megastairs_1,
          uniq_margery
Crypt:3:  grunt_crypt_end_deaths_head, uniq_josephina
Depths:1: layout_big_octagon, enter_ziggurat_b, grunt_mini_vestibule,
          minivault_11, chequers_serial_rivers_micro_a,
          eino_small_chamber_without_monster, corexii_corridor_pit,
          minmay_shattered_shrine
Depths:2: grunt_forest_end_chambers, layout_basic,
          grunt_dithmenos_smoke_and_mirrors, pf_coc_iceberg,
          grunt_pan_entry_zigzag
Depths:3: minmay_outward_triangles, layout_long_grid,
          serial_library_hellmonk_open_square, abyss_entry_flame_altar,
          hangedman_geh_valley, minmay_misc_feat_enclosed,
          kennysheep_random_hallway, infiniplex_staircase_zigzag_5, uniq_mennas,
          uniq_parghit
Depths:4: evilmike_zot_entry_gauntlet, layout_basic, hell_entry,
          lightli_enter_wizlab_magi_temple, serial_curves, eino_curves_04,
          eino_curves_01, eino_curves_04, eino_curves_03
Hell
Tar:1:    layout_honeycomb
Tar:2:    layout_grid_maze
Tar:3:    layout_grid_maze, nicolae_tar_cuneiform_heaven,
          nicolae_tar_cuneiform_bread, nicolae_tar_stay_or_leave
Tar:4:    layout_catacombs, nicolae_tar_cuneiform_to_be
Zot:1:    layout_gridlike, regret_index_zotdec_twisting_globes
Zot:2:    layout_cathedral_of_symmetry, basic_altar,
          hangedman_zot_decor_checkerboard
Zot:3:    layout_basic
Zot:4:    layout_cellular_growth
Zot:5:    layout_basic

Skill      XL: |  1  2  3  4  5  6  7  8  9 10 11 12 13 14 15 16 17 18 19 20 21 22 23 24 25 26 27 |
---------------+----------------------------------------------------------------------------------+-----
Maces & Flails | 3 5 6 8 10 11 13 15 16 18 20 21 22 23 24 25 26 27 | 27.0
Fighting       | 4 5 6 8 9 11 12 13 15 16 17 18 19 20 21 22 23 24 26 27 | 27.0
Armour         | 4 5 6 7 8 9 11 12 13 14 15 16 17 18 19 20 21 24 27 | 27.0
Shields        | 4 5 7 8 9 10 11 14 15 17 19 21 22 25 27 | 27.0
Evocations     | 1 2 4 5 6 7 11 16 18 | 18.6
Dodging        | |  0.7

Action                     |  1- 3 |  4- 6 |  7- 9 | 10-12 | 13-15 | 16-18 | 19-21 | 22-24 | 25-27 || total
---------------------------+-------+-------+-------+-------+-------+-------+-------+-------+-------++-------
  Melee: Flail             |    90 |   187 |   603 |   448 |       |       |       |       |       ||  1328
         Whip              |       |       |       |   623 |   151 |       |       |       |       ||   774
         Great mace        |       |       |       |       |   664 |       |       |       |       ||   664
         Eveningstar       |       |       |       |       |   369 |  1277 |  1418 |  1599 |  1534 ||  6197
  Throw: Dart              |       |     1 |    57 |    97 |   120 |    28 |       |       |       ||   303
         Throwing net      |       |       |     1 |       |       |     3 |       |     6 |     2 ||    12
         Boomerang         |       |       |       |    11 |       |       |       |       |       ||    11
 Invoke: Potion Petition   |       |       |       |     3 |     2 |     1 |     1 |     1 |     6 ||    14
         Call Merchant     |       |       |       |       |     1 |     1 |       |       |     1 ||     3
  Evoke: Wand              |       |       |    13 |    42 |    11 |     3 |    15 |    11 |    34 ||   129
         Lightning rod     |       |       |       |     8 |    12 |     8 |       |     4 |     5 ||    37
         Tin of tremorston |       |       |       |       |       |     3 |     2 |     3 |     2 ||    10
         Phantom mirror    |       |       |       |       |       |       |     1 |       |     2 ||     3
         Phial of floods   |       |       |       |       |       |       |       |       |     1 ||     1
         Horn of Geryon    |       |       |       |       |       |       |       |       |     1 ||     1
    Use: Potion            |     1 |     1 |     1 |     2 |     1 |     6 |     1 |       |     7 ||    20
         Scroll            |       |     2 |     6 |    12 |    14 |    10 |     4 |     5 |     3 ||    56
   Stab: Paralysed         |       |       |    23 |     9 |    13 |       |       |       |       ||    45
         Distracted        |       |       |     2 |     1 |     8 |     9 |    11 |     7 |    16 ||    54
         Invisible         |       |       |       |     4 |       |       |       |       |     3 ||     7
         Held in net/web   |       |       |       |       |       |     1 |       |     1 |       ||     2
 Armour: Scale mail        |    82 |   126 |       |       |       |       |       |       |       ||   208
         Ring mail         |       |    40 |   342 |   196 |       |       |       |       |       ||   578
         Chain mail        |       |       |       |   329 |   958 |   355 |       |       |       ||  1642
         Gold dragon scale |       |       |       |       |       |   488 |   875 |  1046 |   826 ||  3235
  Dodge: Dodged            |    35 |    91 |   300 |   441 |   315 |   151 |   142 |   156 |   196 ||  1827
  Block: Buckler           |    16 |    38 |   120 |   223 |    30 |       |       |       |       ||   427
         Kite shield       |       |       |       |       |   234 |    11 |       |       |       ||   245
         Tower shield      |       |       |       |       |       |  1166 |  1487 |  1739 |  1604 ||  5996

Table legend: (Time is in decaauts)
 A = Elapsed time spent in this place.
 B = Non-inter-level travel time spent in this place.
 C = Inter-level travel time spent in this place.
 D = Time resting spent in this place.
 E = Time spent auto-exploring this place.
 F = Levels seen in this place.
 G = Mean time per level.
                   A        B        C        D        E       F      G
               +--------+--------+--------+--------+--------+-----+--------+
         Total |  75387 |  70052 |   5335 |  14338 |  40052 |  66 | 1142.2 |
       Dungeon |  22680 |  20323 |   2357 |   4252 |  12281 |  15 | 1512.0 |
        Temple |     61 |      1 |     60 |      0 |      0 |   1 |   61.0 |
          Lair |   6196 |   5497 |    699 |    496 |   3905 |   5 | 1239.2 |
         Swamp |   2970 |   2791 |    179 |    340 |   1835 |   4 |  742.5 |
     Snake Pit |   3999 |   3859 |    140 |    365 |   2489 |   4 |  999.8 |
    Slime Pits |   2011 |   1886 |    125 |    228 |    921 |   5 |  402.2 |
  Orcish Mines |   4314 |   4155 |    159 |   2523 |    931 |   2 | 2157.0 |
   Elven Halls |   6960 |   6706 |    254 |   2940 |   2825 |   3 | 2320.0 |
        Vaults |   7550 |   6891 |    659 |    354 |   4902 |   5 | 1510.0 |
         Crypt |   3167 |   3070 |     97 |    107 |   2113 |   3 | 1055.7 |
        Depths |   4735 |   4506 |    229 |    180 |   2931 |   4 | 1183.8 |
          Hell |    848 |    787 |     61 |    125 |    382 |   1 |  848.0 |
      Tartarus |   1162 |   1118 |     44 |    385 |    513 |   4 |  290.5 |
           Zot |   5767 |   5502 |    265 |   1310 |   3055 |   5 | 1153.4 |
         Trove |     46 |     46 |      0 |      0 |      0 |   1 |   46.0 |
        Bailey |    583 |    583 |      0 |    218 |    184 |   1 |  583.0 |
       Volcano |    254 |    254 |      0 |      3 |     61 |   1 |  254.0 |
        Wizlab |    976 |    976 |      0 |    105 |    380 |   1 |  976.0 |
      Gauntlet |   1099 |   1099 |      0 |    402 |    343 |   1 | 1099.0 |
               +--------+--------+--------+--------+--------+-----+--------+

Top non-repeatable levels by time:
   Elf:3: 4421 daAuts
   Orc:2: 3937 daAuts
    D:15: 2729 daAuts
     D:9: 2134 daAuts
    D:14: 1962 daAuts
    D:12: 1942 daAuts
     D:6: 1904 daAuts
Vaults:5: 1880 daAuts
   Zot:2: 1876 daAuts
   Elf:1: 1862 daAuts
  Lair:5: 1800 daAuts
Vaults:1: 1682 daAuts
    D:13: 1584 daAuts
     D:3: 1575 daAuts
Vaults:4: 1554 daAuts
